 Dungeon Crawl Stone Soup version 0.14-a0-2400-gb2944a8 (webtiles) character file.

141 Misa the Skirmisher (level 3, -1/24 HPs)
             Began as a Gargoyle Berserker on Feb 4, 2014.
             Was a Believer of Trog.
             Slain by an adder (3 damage)
             ... on Level 2 of the Dungeon.
             The game lasted 00:04:38 (1323 turns).

Misa the Skirmisher (Gargoyle Berserker)            Turns: 1323, Time: 00:04:38

HP  -1/24        AC  5     Str 24      XL: 3   Next: 93%
MP   3/3         EV 12     Int  7      God: Trog [**....]
Gold 86          SH  0     Dex  9      Spells:  0 memorised,  2 levels left

rFire  . . .     SeeInvis .     a - +0 hand axe
rCold  . . .     Clarity  .     b - +0 animal skin
rNeg   + . .     Conserve .     (no shield)
rPois  +         rCorr    .     (no helmet)
rElec  +         rRot     +     (no cloak)
SustAb . .       Spirit   .     (no gloves)
rMut   .         Warding  .     (no boots)
Saprov . . .     Stasis   .     f - amulet of inaccuracy {unknown}
MR     .....                    (no ring)
                                k - +3 ring of strength

@: not resistant to hostile enchantments, very unstealthy
A: life protection 1, electricity resistance, unbreathing, petrification
resistance, AC +3
a: Burn Spellbooks, Berserk, Trog's Hand, Renounce Religion


You were on level 2 of the Dungeon.
You worshipped Trog.
Trog was pleased with you.
You were not hungry.

You visited 1 branch of the dungeon, and saw 2 of its levels.

You collected 86 gold pieces.

Inventory:

Hand weapons
 a - a +0,+0 hand axe (weapon)
Armour
 b - a +0 animal skin (worn)
Comestibles
 c - a bread ration
 j - a beef jerky
 l - a meat ration
 s - 3 chunks of hobgoblin flesh
 u - a pear
Scrolls
 d - 2 scrolls of enchant armour {unknown}
 e - a scroll of fear {unknown}
 g - 9 scrolls of identify {unknown}
 h - 2 scrolls of amnesia {unknown}
 m - 2 scrolls of enchant weapon II {unknown}
 n - 2 scrolls of immolation {unknown}
 p - a scroll of fog {unknown}
 r - a scroll of curse armour {unknown}
 t - a scroll of teleportation {unknown}
Jewellery
 f - an amulet of inaccuracy (around neck) {unknown}
 k - a +3 ring of strength (left hand)
Potions
 i - a potion of curing {unknown}
 q - 2 potions of lignification {unknown}


   Skills:
 + Level 4.1 Fighting
 + Level 3.7 Axes
 - Level 2.1 Armour
 - Level 1.5 Dodging


You had 2 spell levels left.
You didn't know any spells.

Dungeon Overview and Level Annotations

Branches:
Dungeon (2/16)

Altars:


Innate Abilities, Weirdness & Mutations

You are resistant to torment.
You are immune to poison.
Your stone body is very resilient (AC +3).
You resist negative energy.
You are resistant to electric shocks.
You can survive without breathing.
You are immune to petrification.


Message History

Some of the chunks of flesh in your inventory have completely rotted away.
You barely miss the adder.
The adder is almost dead.
The adder bites you.
* * * LOW HITPOINT WARNING * * *
The adder barely misses you.
You miss the adder.
The adder is almost dead.
The adder misses you.
You miss the adder.
The adder is almost dead.
The adder misses you.
You hit the adder but do no damage.
The adder is almost dead.
The adder bites you.
* * * LOW HITPOINT WARNING * * *
You closely miss the adder.
The adder is almost dead.
The adder bites you.
You die...

#.....)...# ####
#.......#.#######...
#.....(.#...........
#.......#########.##
####.#### #.# #.# #.#
#.# ##########.#
#.#####.#............#
#....S@...........####
#######.#.#######.#
### ..#.# #.# #.. ...
# #.# #.# ##### #.#
#### #.# #.# ...# #.#
#.# ##.#######.#
#######.####
#.##......##
#..........#


You could see an adder.

Vanquished Creatures
  An adder (D:2)
  6 giant cockroaches
  6 hobgoblins
  4 kobolds (D:1)
  7 bats
  2 giant geckos (D:1)
  6 giant newts
  4 goblins
  6 jackals
  5 rats
47 creatures vanquished.

Notes
Turn   | Place    | Note
--------------------------------------------------------------
     0 | D:1      | Misa, the Gargoyle Berserker, began the quest for the Orb.
     0 | D:1      | Reached XP level 1. HP: 14/14 MP: 1/1
    64 | D:1      | Reached XP level 2. HP: 13/19 MP: 2/2
   928 | D:2      | Acquired Trog's second power
   932 | D:2      | Reached XP level 3. HP: 18/24 MP: 3/3
  1132 | D:2      | Reached skill level 4 in Fighting
  1323 | D:2      | Slain by an adder

Action                   || total
-------------------------++-------
Melee: Hand axe          ||   230
Invok: Berserk           ||     1
 Stab: Sleeping          ||     1
